 Dungeon Crawl Stone Soup version 0.27.0-1-g7a089689b8 (webtiles) character file.

Game seed: 10295466819283153992

231 tilp the Sneak (level 5, -1/42 HPs)
             Began as a Vampire Hunter on Aug 3, 2021.
             Slain by an orc (4 damage)
             ... on level 3 of the Dungeon.
             The game lasted 00:02:45 (1762 turns).

tilp the Sneak (Vampire Hunter)                     Turns: 1762, Time: 00:02:46

Health: -1/42      AC:  3    Str: 12    XL:     5   Next: 72%
Magic:  5/5        EV: 12    Int: 13    God:
Gold:   71         SH:  0    Dex: 15    Spells: 4/4 levels left

rFire    . . .     SeeInvis +   a - +0 short sword (spect)
rCold    . . .     Faith    .   (no shield)
rNeg     . . .     Spirit   .   b - +0 leather armour
rPois    .         Reflect  .   (no helmet)
rElec    .         Harm     .   (no cloak)
rCorr    .         Rampage  .   (no gloves)
Will     .....                  (no boots)
Stlth    +++.......             (no amulet)
HPRegen  0.34/turn              (no ring)
MPRegen  0.09/turn              (no ring)

@: healing quickly
A: alive, fangs 3, see invisible, vampiric 2
a: Exsanguinate


You were on level 3 of the Dungeon.
You visited 1 branch of the dungeon, and saw 3 of its levels.

You collected 71 gold pieces.

Inventory:

Hand Weapons
 a - a +0 spectral short sword (weapon)
Missiles
 c - 12 javelins
 d - 2 throwing nets
 e - 6 atropa-tipped darts
 h - 14 poisoned darts (quivered)
Armour
 b - a +0 leather armour (worn)
Scrolls
 f - a scroll of amnesia
Potions
 i - a potion of haste
 k - 2 potions of curing
 l - a potion of heal wounds {unknown}
 m - a potion of flight {unknown}


   Skills:
 * Level 3.8 Fighting
 - Level 3.2 Throwing
 + Level 3.4 Dodging
 + Level 5.6 Stealth


You had 4 spell levels left.
You didn't know any spells.
Your spell library was empty.

Dungeon Overview and Level Annotations

Branches:
Dungeon (3/15)

Altars:


Innate Abilities, Weirdness & Mutations

Your natural rate of healing is accelerated.
You have razor-sharp teeth.
You have supernaturally acute eyesight. (SInv)
You are afflicted with vampirism and can become a bat while bloodless.


Message History

You kill the ball python!
The orc barely misses you. The phantom hits you.
The orc hits you with a +0 flail.
The goblin hits your spectral +0 spectral short sword but does no damage.
Unknown command.
You barely miss the phantom.
The phantom is severely damaged.
Your spectral +0 spectral short sword hits the phantom.
The orc hits you with a +0 club. The rat bites you but does no damage.
The phantom hits your spectral +0 spectral short sword.
Your spectral weapon shares its damage with you!
The orc misses you.
The goblin closely misses your spectral +0 spectral short sword.
You are too injured to fight recklessly!
Unknown command.
You are too injured to fight recklessly!
You are too injured to fight recklessly!
You hit the phantom.
The phantom is almost destroyed.
Your spectral +0 spectral short sword misses the phantom.
The orc barely misses you. The rat bites you. The phantom closely misses you.
The orc closely misses you.
The goblin hits your spectral +0 spectral short sword but does no damage.
Unknown command.
You hit the phantom but do no damage.
The phantom is almost destroyed.
Your spectral +0 spectral short sword hits the phantom!
You destroy the phantom!
The orc hits you but does no damage. The rat closely misses you.
The orc hits you with a +0 flail.
* * * LOW HITPOINT WARNING * * *
The rat bites you.
* * * LOW HITPOINT WARNING * * *
The orc hits you with a +0 club.
* * * LOW HITPOINT WARNING * * *
You swap places.
The goblin hits you but does no damage. The orc hits you with a +0 flail!
* * * LOW HITPOINT WARNING * * *
The orc hits you with a +0 club.
You die...

########.#####
...........<.# #
##.###......# #
#..##......# #
#.........###
#########..........
#......#...S.......
#.og...#.#.........
#r@o[.S#ยง#........#
#........#........#
#........####......
#......#.# #......
#......#.. .......
#......### ##......
#....... #.......#


You could see 2 orcs, a goblin, a ball python and a rat.

Vanquished Creatures
  A phantom (D:3)
  A bullfrog (D:3)
  3 adders
  2 worms (D:2)
  A dart slug (D:1)
  3 orcs
  8 bats
  6 endoplasms
  A giant cockroach (D:2)
  5 goblins (D:1)
  2 hobgoblins (D:2)
  5 jackals (D:1)
  7 ball pythons
  4 frilled lizards
  6 kobolds
  3 rats
58 creatures vanquished.

Notes
Turn   | Place    | Note
-------+----------+-------------------------------------------
     0 | D:1      | tilp the Vampire Hunter began the quest for the Orb.
     0 | D:1      | Reached XP level 1. HP: 16/16 MP: 1/1
    26 | D:1      | Reached skill level 2 in Stealth
   113 | D:1      | Reached skill level 3 in Stealth
   113 | D:1      | Reached XP level 2. HP: 16/22 MP: 2/2
   234 | D:1      | Reached skill level 4 in Stealth
   342 | D:1      | Gained mutation: You are afflicted with vampirism and can
                  | become a bat while bloodless. [Vampire growth]
   342 | D:1      | Reached XP level 3. HP: 11/27 MP: 3/3
  1127 | D:2      | Reached XP level 4. HP: 34/34 MP: 4/4
  1645 | D:3      | Noticed a bullfrog
  1652 | D:3      | Killed a bullfrog
  1653 | D:3      | Reached skill level 5 in Stealth
  1674 | D:3      | Reached XP level 5. HP: 41/41 MP: 5/5
  1741 | D:3      | Noticed a phantom
  1761 | D:3      | Killed a phantom
  1762 | D:3      | Slain by an orc

Illustrated notes

Levels and vault maps discovered:
D:1:      heliophobic_arrival_ceremonial_halls, layout_rooms, st_stairs_7,
          minmay_shallow_snake_nest
D:2:      layout_basic, amcnicky_mini_corridor_feature
D:3:      layout_rooms, tso_metal_star, kennysheep_boxes, uniq_robin,
          uniq_terence

Skill      XL: |  1  2  3  4 |
---------------+-------------+-----
Stealth        | 3 4 5 |  5.6
Fighting       | 2 3 |  3.8
Dodging        | 3 |  3.4
Throwing       | |  3.2

Action                   |  1- 3 |  4- 6 || total
-------------------------+-------+-------++-------
Melee: Short sword       |   146 |    33 ||   179
       Bite              |     4 |     5 ||     9
Throw: Javelin           |     1 |       ||     1
  Use: Scroll            |     4 |     4 ||     8
 Stab: Sleeping          |     2 |     1 ||     3
       Distracted        |     2 |       ||     2
Armor: Leather armour    |    53 |    12 ||    65
Dodge: Dodged            |   116 |    24 ||   140
